 Dungeon Sprint DCSS version 0.22.1-1-ga44c0e56f4 (webtiles) character file.

53 MuseOD the Sneak (level 3, -2/19 HPs)
             Began as a Spriggan Enchanter on Sept 23, 2018.
             Slain by a phantom (10 damage)
             ... in the Dungeon (Sprint III: "The Ten Rune Challenge").
             The game lasted 00:00:31 (142 turns).

MuseOD the Sneak (Spriggan Enchanter)                Turns: 142, Time: 00:00:32

Health: -2/19      AC:  2    Str:  4    XL:     3   Next: 64%
Magic:  2/8        EV: 18    Int: 17    God:
Gold:   0          SH:  0    Dex: 16    Spells: 1/7 levels left

rFire    . . .     SeeInvis +   a - +1 dagger
rCold    . . .     Gourm    .   (shield restricted)
rNeg     . . .     Faith    .   b - +0 robe
rPois    .         Spirit   .   (helmet restricted)
rElec    .         Reflect  .   (no cloak)
rCorr    .         Harm     .   (gloves unavailable)
MR       .....     NoTele   +   (boots unavailable)
Stlth    ++++......             (no amulet)
HPRegen  0.06/turn              (no ring)
MPRegen  0.11/turn              (no ring)

@: very quick
A: very small, unfitting armour, see invisible, herbivore, speed 3, slow
metabolism 2
a: no special abilities


You were in the Dungeon.
You were not hungry.

You visited 1 branch

Inventory:

Hand Weapons
 a - a +1 dagger (weapon)
Armour
 b - a +0 robe (worn)
Scrolls
 j - a scroll of blinking
Potions
 c - a potion of invisibility {unknown}
 e - a potion of curing
 f - a potion of heal wounds
 g - a potion of haste
 h - 2 potions of magic
 i - a potion of berserk rage
Comestibles
 d - a ration


   Skills:
 + Level 2.7 Fighting
 * Level 5.6 Short Blades
 - Level 3.0 Dodging
 + Level 7.1 Stealth
 - Level 2.6 Spellcasting
 - Level 3.6 Hexes


You had one spell level left.
You knew the following spells:

 Your Spells              Type           Power        Failure   Level  Hunger
a - Corona                Hex            ##.....      4%          1    #......
b - Ensorcelled Hibernat  Hex/Ice        #.....       13%         2    ##.....
c - Confuse               Hex            ##......     12%         3    ###....

Your spell library contained the following spells:

 Spells                   Type           Power        Failure   Level  Hunger
 Tukima's Dance           Hex            ##......     12%         3    ###....
 Dazzling Spray           Conj/Hex       #.....       26%         3    ###....


Dungeon Overview and Level Annotations

Branches:
Dungeon (1/1)

Altars:


Innate Abilities, Weirdness & Mutations

You are very small and have problems with some larger weapons.
You are too small for most types of armour.
You have supernaturally acute eyesight. (SInv)
You are a herbivore.
You cover ground extremely quickly.
You need to consume almost no food.


Message History

The phantom easily resists.
The phantom hits you.
Casting: Confuse (safe; 12% risk of failure)
Confirm with . or Enter, or press ? or * to list all spells.
Aiming: Confuse (safe; 12% risk of failure)
Press: ? - help, Shift-Dir - straight line, f/p - phantom
Aim: a phantom (heavily damaged, chance to defeat MR: 28%)
The phantom easily resists.
The phantom misses you.
You hit the phantom but do no damage.
The phantom is heavily damaged.
You closely miss the phantom.
The phantom is heavily damaged.
The phantom misses you.
You closely miss the phantom.
The phantom is heavily damaged.
The phantom barely misses you.
You miss the phantom.
The phantom is heavily damaged.
The phantom hits you!
Ouch! That really hurt!
You die...

▓▓▓▓▓▓▓▓▓
▓<..#(..####
▓...#......## ..#
▓..##.......# ..#
▓##.##.##..)# ..#
##.##.###@.# #..#
▓#.####.##W.# ...+
▓.###..##..####...#
▓#.....##..###....#
###..##...##.....#
##..##....#†.....#
#..###..##.#.....#
#..# #.. ####....#
▓▓▓▓ ▓▓▓ ▓▓▓▓▓▓


You could see a phantom.

Vanquished Creatures
  Jessica (D)
  A human (D)
  2 oozes (D)
4 creatures vanquished.

Vanquished Creatures (others)
  5 hellions (D)
  A yaktaur (D)
6 creatures vanquished.

Grand Total: 10 creatures vanquished

Notes
Turn   | Place    | Note
-------+----------+-------------------------------------------
     0 | D        | MuseOD the Spriggan Enchanter began the quest for the Orb.
     0 | D        | Reached XP level 1. HP: 9/9 MP: 5/5
     9 | D        | Reached skill level 1 in Fighting
     9 | D        | Reached skill level 5 in Stealth
    11 | D        | Reached XP level 2. HP: 14/14 MP: 6/6
    17 | D        | Learned a level 2 spell: Ensorcelled Hibernation
    27 | D        | Noticed Jessica
    31 | D        | Killed Jessica
    31 | D        | Reached skill level 6 in Stealth
    31 | D        | Reached XP level 3. HP: 19/19 MP: 8/8
    36 | D        | Learned a level 3 spell: Confuse
    49 | D        | Reached skill level 5 in Short Blades
    49 | D        | Reached skill level 7 in Stealth
    77 | D        | Killed a yaktaur
   131 | D        | Killed a hellion
   131 | D        | Killed a hellion
   133 | D        | Killed a hellion
   134 | D        | Killed a hellion
   135 | D        | Killed a hellion
   142 | D        | Slain by a phantom

Skill      XL: |  1  2  3 |
---------------+----------+-----
Fighting       | 1 2 |  2.7
Short Blades   | 3 4 5 |  5.6
Stealth        | 5 6 7 |  7.1
Dodging        | |  3.0
Spellcasting   | |  2.6
Hexes          | |  3.6

Action                   || total
-------------------------++-------
Melee: Dagger            ||    10
 Cast: Confuse           ||     4
       Ensorcelled Hiber ||     1
 Stab: Sleeping          ||     4
Dodge: Dodged            ||     4
